 Dungeon Crawl Stone Soup version 0.19-a0 (webtiles) character file.

91 UnknownArtist the Sneak (level 4, -1/29 HPs)
             Began as a Halfling Assassin on Apr 27, 2016.
             Slain by an ogre
             ... wielding a +0 giant club
              (12 damage)
             ... on level 4 of the Dungeon.
             The game lasted 00:10:57 (2484 turns).

UnknownArtist the Sneak (Halfling Assassin)         Turns: 2484, Time: 00:10:58

Health: -1/29      AC:  4    Str: 11    XL:     4   Next: 88%
Magic:  4/4        EV: 15    Int: 10    God:
Gold:   108        SH:  0    Dex: 16    Spells: 0 memorised, 3 levels left

rFire  . . .     SeeInvis .     a - +2 dagger
rCold  . . .     Gourm    .     s - +0 robe
rNeg   . . .     Faith    .     (shield restricted)
rPois  .         Spirit   .     (no helmet)
rElec  .         Dismiss  .     d - +0 cloak
rCorr  .         Reflect  .     k - +0 pair of gloves
SustAt .         Harm     .     (no boots)
MR     .....                    (no amulet)
Stlth  ++++......               (no ring)
                                (no ring)

@: not resistant to hostile enchantments, stealthy
A: mutation resistance 1
a: no special abilities


You were on level 4 of the Dungeon.
You were not hungry.

You visited 1 branch of the dungeon, and saw 4 of its levels.

You collected 108 gold pieces.

Inventory:

Hand Weapons
 a - a +2 dagger (weapon)
 b - a +0 blowgun
Missiles
 e - 8 poisoned needles
 f - 2 curare-tipped needles
Armour
 c - a +0 robe
 d - a +0 cloak (worn)
 k - a +0 pair of gloves (worn)
 s - a +0 robe (worn)
Jewellery
 t - a +1 ring of evasion
Scrolls
 i - a scroll of noise {unknown}
 l - a scroll of identify {unknown}
 p - 2 scrolls of random uselessness {unknown}
 q - 3 scrolls of teleportation {unknown}
 v - a scroll of remove curse {unknown}
 w - a scroll of enchant armour {unknown}
Potions
 h - a potion of degeneration {unknown}
 j - a potion of curing
 n - a potion of invisibility {unknown}
 o - a potion of resistance {unknown}
 r - a potion of agility {unknown}
Books
 u - a book of Necromancy

   Spells                             Type                      Level
   a - Pain                           Necromancy                   1
   b - Animate Skeleton               Necromancy                   1
   c - Vampiric Draining              Necromancy                   3
   d - Regeneration                   Charms/Necromancy            3
   e - Animate Dead                   Necromancy                   4
   f - Control Undead                 Necromancy                   4
Comestibles
 g - 2 bread rations
 m - a beef jerky


   Skills:
 + Level 2.0 Fighting
 + Level 3.2 Short Blades
 + Level 2.3 Throwing
 + Level 2.3 Dodging
 + Level 5.8 Stealth


You had 3 spell levels left.
You didn't know any spells.

Dungeon Overview and Level Annotations

Branches:
Dungeon (4/15)             Temple (0/1) D:4

Altars:
Ru

Annotations:
D:3 Robin


Innate Abilities, Weirdness & Mutations

You are small and have problems with some larger weapons.
You are somewhat resistant to further mutation.


Message History

Play time: 00:10:43 (2482 turns)
You remove your +1 ring of evasion.
Take off which item? (? for menu, Esc to quit)
You don't have any such object.
Take off which item? (? for menu, Esc to quit)
You don't have any such object.
Take off which item? (? for menu, Esc to quit)
You don't have any such object.
Take off which item? (? for menu, Esc to quit)
You don't have any such object.
Take off which item? (? for menu, Esc to quit)
You aren't wearing that!
Wield which item (- for none, * to show all)? (? for menu, Esc to quit)
Okay, then.
You are a level 4 Halfling Assassin.
You are 88% of the way to level 5.
Play time: 00:10:53 (2483 turns) Eat which item? (? for menu, Esc to quit)
Okay, then.
The ogre hits you with a giant club!
You die...

..#........#.....#.....# ..
..#........#.....'.....# ..
..##########.....#.....#####
..
..#.......##...###.....#...###
..+.......##...#.......#...#.#
..#.......+....#.......#...+.#
..####'#####...#.......#...#.#
..##......##...#.......#...#.#
...............#@......#...#.#
...............#.O.....'...#.#
...............#.......#...'.#
..##########...#.......#+###.#
### #######+###.......####
............ #.#.#.#.#...
............ #.......#...


You could see an ogre.

Vanquished Creatures
  Jessica (D:2)
  2 adders
  An ooze (D:4)
  A dart slug (D:2)
  A giant gecko (D:3)
  A giant cockroach (D:2)
  8 hobgoblins
  7 jackals
  A quokka (D:4)
  4 bats
  2 giant newts
  5 goblins
  2 kobolds
  2 rats
38 creatures vanquished.

Notes
Turn   | Place    | Note
--------------------------------------------------------------
     0 | D:1      | UnknownArtist the Halfling Assassin began the quest for the Orb.
     0 | D:1      | Reached XP level 1. HP: 14/14 MP: 1/1
   562 | D:1      | Reached XP level 2. HP: 18/19 MP: 2/2
   600 | D:1      | Found a sacrificial altar of Ru.
   645 | D:1      | Reached skill level 5 in Stealth
  1201 | D:2      | Reached XP level 3. HP: 24/24 MP: 3/3
  1303 | D:2      | Noticed Jessica
  1316 | D:2      | Killed Jessica
  1316 | D:2      | Reached XP level 4. HP: 11/29 MP: 4/4
  2114 | D:3      | Noticed Robin
  2458 | D:4      | Found a staircase to the Ecumenical Temple.
  2460 | D:4      | Noticed an ogre
  2484 | D:4      | Slain by an ogre

Vault maps used:
D:1:      dpeg_arrival_central, kennysheep_flooded_box
D:2:      first_bread, uniq_jessica
D:3:      minmay_misc_feat_nine_boxes, uniq_robin, uniq_terence
D:4:      makhleb_heckhound_becter, nicolae_overflow_hidden_temple,
          yredelemnul_forgotten_temple_becter,
          lemuel_zombie_altar_kikubaaqudgha, minmay_temple_entry_glass

Skill      XL: |  1  2  3  4 |
---------------+-------------+-----
Stealth        | 5 |  5.8
Short Blades   | 3 |  3.2
Dodging        | 2 |  2.3
Fighting       | 2 |  2.0
Throwing       | |  2.3

Action                   |  1- 3 |  4- 6 || total
-------------------------+-------+-------++-------
Melee: Dagger            |    74 |    60 ||   134
 Stab: Sleeping          |     3 |     3 ||     6
  Eat: Bread ration      |       |     1 ||     1
Armor: Robe              |    17 |    16 ||    33
Dodge: Dodged            |    56 |    59 ||   115
